 Dungeon Crawl Stone Soup version 0.31-a0-466-g98c9adc2b6 (webtiles) character file.

Game seed: 5198882194001193877

4392 Anon1729 the Fighter (level 10, -2/91 HPs)
             Began as a Minotaur Monk on Aug 5, 2023.
             Was a Believer of Ru.
             Slain by a two-headed ogre
             ... wielding a +0 giant club
              (14 damage)
             ... on level 9 of the Dungeon.
             The game lasted 00:03:43 (7969 turns).

Anon1729 the Fighter (Minotaur Monk)                Turns: 7969, Time: 00:03:44

Health: -2/91      AC:  8    Str: 16    XL:     10   Next: 13%
Magic:  9/9        EV: 17    Int:  7    God:    Ru [**....]
Gold:   479        SH:  0    Dex: 17    Spells: 9/9 levels left

rFire   . . .        a - +0 falchion
rCold   + . .        d - orb {light}
rNeg    . . .        M - +0 steam dragon scales
rPois   .            (helmet restricted)
rElec   .            (no cloak)
rCorr   +            n - +0 pair of gloves
SInv    .            (no boots)
Will    .....        H - amulet of magic regeneration
Stlth   +            J - ring of protection from cold
HPRegen 0.35/turn    B - ring of resist corrosion
MPRegen 0.51/turn

%: no passive effects
@: glowing
A: horns 2, hated by all, retaliatory headbutt, no forms
a: Renounce Religion


You were on level 9 of the Dungeon.
You worshipped Ru.
Ru was pleased with you.
You visited 1 branch of the dungeon, and saw 9 of its levels.
You also visited: Ossuary.

You collected 479 gold pieces.

Inventory:

Hand Weapons
 a - a +0 falchion (weapon)
 q - the +0 quarterstaff of the Dark Horse {flame, rPois Str+3 Dex-2}
   (You found it on level 3 of the Dungeon)

   Str:       It affects your strength (+3).
   Dex:       It affects your dexterity (-2).
   rPois:     It protects you from poison.
Armour
 b - a +0 robe
 d - an orb of light (worn)
 n - a +0 pair of gloves (worn)
 r - the +0 leather armour of a bazaar {rCorr Str+6 Int-4}
   (You found it on level 4 of the Dungeon)

   Str:       It affects your strength (+6).
   Int:       It affects your intelligence (-4).
   rCorr:     It protects you from acid and corrosion.
 M - +0 steam dragon scales (worn)
Jewellery
 o - a ring of see invisible
 B - a ring of resist corrosion (right hand)
 H - an amulet of magic regeneration (around neck)
 J - a ring of protection from cold (left hand)
 K - a ring of magical power
 L - an amulet of faith
Wands
 s - a wand of flame (50)
 D - a wand of mindburst (25)
Scrolls
 f - 4 scrolls of identify {unknown}
 g - 10 scrolls of teleportation
 l - a scroll of enchant armour {unknown}
 m - a scroll of amnesia {unknown}
 p - a scroll of poison {unknown}
 u - a scroll of acquirement {unknown}
 v - a scroll of fear {unknown}
 x - a scroll of enchant weapon {unknown}
 y - 2 scrolls of torment {unknown}
 C - a scroll of silence {unknown}
 E - 2 scrolls of noise {unknown}
 G - a scroll of vulnerability {unknown}
 N - a scroll of fog {unknown}
Potions
 c - a potion of ambrosia
 e - 3 potions of curing {unknown}
 h - a potion of resistance {unknown}
 i - 2 potions of haste {unknown}
 j - a potion of heal wounds {unknown}
 k - 2 potions of attraction {unknown}
 t - 2 potions of might {unknown}
 w - a potion of berserk rage {unknown}
 z - 2 potions of enlightenment {unknown}
 A - 2 potions of cancellation {unknown}
 F - 3 potions of brilliance {unknown}
 I - 2 potions of degeneration {unknown}
 P - a potion of lignification {unknown}


   Skills:
 + Level 9.6 Fighting
 + Level 9.6 Long Blades
 + Level 8.7 Armour
 + Level 8.8 Dodging


You had 9 spell levels left.
You didn't know any spells.
Your spell library contained the following spells:

 Spells                   Type           Power      Damage    Failure   Level
 Apportation              Tloc           0%         N/A       43%         1
 Sting                    Tmut/Pois      0%         1d3       43%         1
 Poisonous Vapours        Pois/Air       0%         N/A       56%         2
 Olgreb's Toxic Radiance  Pois           0%         N/A       99%         4
 Alistair's Intoxication  Tmut/Pois      0%         N/A       100%        5


Dungeon Overview and Level Annotations

Branches:
Dungeon (9/15)             Temple (0/1) D:6            Lair (0/5) D:8
Ossuary (visited)
    Orc: D:9-12

Altars:
Makhleb
Ru

Shops:
D:9 =

Annotations:
D:7 exclusion: ugly thing


Innate Abilities, Weirdness & Mutations

You have a pair of horns on your head.
You are hated by all.
You reflexively headbutt those who attack you in melee.
You cannot voluntarily change form.


Message History

The two-headed ogre misses you. You furiously retaliate!
You headbutt the two-headed ogre!
The two-headed ogre hits you with a +0 giant club.
* * * LOW HITPOINT WARNING * * *
Okay, then.
Aiming: Paralyse
Press: ? - help, Shift-Dir - straight line, f - two-headed ogre
Aim: a two-headed ogre, wielding two +0 giant clubs (lightly wounded, haloed, chance to affect: 31%)
The two-headed ogre easily resists.
Aiming: Paralyse
Press: ? - help, Shift-Dir - straight line, f/p - two-headed ogre
Aim: a two-headed ogre, wielding two +0 giant clubs (lightly wounded, haloed, chance to affect: 31%)
The two-headed ogre easily resists.
The two-headed ogre misses you. You furiously retaliate!
You headbutt the two-headed ogre. The two-headed ogre misses you.
Aiming: Paralyse
Press: ? - help, Shift-Dir - straight line, f/p - two-headed ogre
Aim: a two-headed ogre, wielding two +0 giant clubs (moderately wounded, haloed, chance to affect: 31%)
The two-headed ogre easily resists.
The two-headed ogre barely misses you. You furiously retaliate!
You headbutt the two-headed ogre, but do no damage.
The two-headed ogre misses you.
Aiming: Paralyse
Press: ? - help, Shift-Dir - straight line, f/p - two-headed ogre
Aim: a two-headed ogre, wielding two +0 giant clubs (moderately wounded, haloed, chance to affect: 31%)
The two-headed ogre easily resists.
Aiming: Paralyse
Press: ? - help, Shift-Dir - straight line, f/p - two-headed ogre
Aim: a two-headed ogre, wielding two +0 giant clubs (moderately wounded, haloed, chance to affect: 31%)
The two-headed ogre easily resists.
The two-headed ogre hits you with a +0 giant club!
* * * LOW HITPOINT WARNING * * *
The two-headed ogre completely misses you.
Aiming: Paralyse
Press: ? - help, Shift-Dir - straight line, f/p - two-headed ogre
Aim: a two-headed ogre, wielding two +0 giant clubs (moderately wounded, haloed, chance to affect: 31%)
The two-headed ogre easily resists.
The now-empty wand crumbles to dust.
The two-headed ogre completely misses you.
The two-headed ogre hits you with a +0 giant club!
You die...

........## .........###
.... ...........## ....
........#...## .....
........##...### .....
.........##.(..## ....>.
.........####...##......
.†.......## ##...)......
..........# ##.@O......
..........# ##)[......
##........# ##.......
##.......# .......
###....## ....... ######
####### # ##


You could see a two-headed ogre.

Vanquished Creatures
  Pikel (D:5)
  Maggie (D:9)
  A troll (D:7)
  Prince Ribbit (D:9)
  A steam dragon (D:6)
  2 acid dragons
  A water moccasin (D:6)
  An orc warrior (D:9)
  A sky beast (D:6)
  4 black bears
  2 ogres (D:6)
  A phantom (D:5)
  2 centaurs (D:8)
  Blork the orc (D:6)
  A kobold brigand (D:8)
  3 scorpions
  4 bullfrogs
  4 water moccasin zombies (Ossuary)
  5 wights (D:8)
  6 hounds
  A gnoll bouda (D:8)
  2 orc priests
  A sleepcap (D:6)
  2 iguanas
  5 orc wizards
  A hound zombie (D:3)
  A hound skeleton (D:3)
  2 mummies (Ossuary)
  4 gnolls (D:8)
  5 adders
  2 river rats (D:6)
  A white imp (D:5)
  2 ufetubi
  10 adder zombies
  2 worms
  3 dart slugs
  26 orcs
  6 endoplasms
  3 giant cockroaches
  3 gnoll zombies (Ossuary)
  6 goblins
  6 hobgoblins
  4 jackals (D:2)
  5 kobolds
  2 quokkas (D:1)
  14 ball pythons
  2 ball python skeletons (D:3)
  5 bats
  2 frilled lizards
  A hobgoblin zombie (Ossuary)
  8 kobold zombies (Ossuary)
  6 orc zombies (Ossuary)
  5 rats
191 creatures vanquished.

Vanquished Creatures (others)
  A gnoll (D:8)
1 creature vanquished.

Grand Total: 192 creatures vanquished

Notes
Turn   | Place    | Note
-------+----------+-------------------------------------------
     0 | D:1      | Anon1729 the Minotaur Monk began the quest for the Orb.
     0 | D:1      | Reached XP level 1. HP: 19/19 MP: 0/0
   235 | D:1      | Reached XP level 2. HP: 18/27 MP: 1/1
   312 | D:1      | Reached skill level 1 in Armour
   731 | D:2      | Reached XP level 3. HP: 19/33 MP: 2/2
  1610 | D:3      | Reached XP level 4. HP: 38/40 MP: 3/3
  1677 | D:3      | Identified the +0 quarterstaff of the Dark Horse {flame,
                  | rPois Str+3 Dex-2}
  2167 | D:4      | Identified the +0 leather armour of a bazaar {rCorr Str+6
                  | Int-4}
  2182 | D:4      | Found a burning altar of Makhleb.
  2213 | D:4      | Reached XP level 5. HP: 33/47 MP: 4/4
  2362 | D:4      | Found a sacrificial altar of Ru.
  2374 | D:4      | Reached skill level 5 in Fighting
  2374 | D:4      | Reached skill level 5 in Long Blades
  2404 | D:4      | Found a sand-covered staircase.
  2415 | Ossuary  | Entered an ossuary
  2472 | Ossuary  | Reached XP level 6. HP: 31/56 MP: 5/5
  2615 | Ossuary  | Reached skill level 5 in Dodging
  2797 | Ossuary  | Reached XP level 7. HP: 62/62 MP: 6/6
  3046 | D:5      | Entered Level 5 of the Dungeon
  3181 | D:5      | Noticed Pikel
  3196 | D:5      | Killed Pikel
  3197 | D:5      | Reached skill level 5 in Armour
  3197 | D:5      | Reached XP level 8. HP: 21/71 MP: 7/7
  3374 | D:4      | Became a worshipper of Ru the Awakened
  3376 | D:4      | Gained mutation: You cannot voluntarily change form. [Ru
                  | sacrifice]
  4900 | D:6      | Reached XP level 9. HP: 38/81 MP: 8/8
  5324 | D:6      | Found a staircase to the Ecumenical Temple.
  5354 | D:6      | Noticed Blork the orc
  5363 | D:6      | Killed Blork the orc
  5867 | D:7      | Noticed a troll
  5867 | D:7      | Noticed a troll
  5867 | D:7      | Found the +7 captain's cutlass {speed, disarm}
  5869 | D:7      | Noticed an unseen horror
  5871 | D:7      | Noticed a cyan ugly thing
  6161 | D:7      | Killed a troll
  6363 | D:8      | Found a staircase to the Lair.
  6369 | D:8      | Gained mutation: You are hated by all. [Ru sacrifice]
  6369 | D:8      | Reached * piety under Ru
  6369 | D:8      | Reached ** piety under Ru
  7642 | D:9      | Found Qareul's Jewellery Boutique.
  7713 | D:9      | Noticed Prince Ribbit
  7713 | D:9      | Noticed Maggie
  7736 | D:9      | Killed Maggie
  7737 | D:9      | Reached XP level 10. HP: 42/91 MP: 9/9
  7756 | D:9      | Killed Prince Ribbit
  7952 | D:9      | Noticed a two-headed ogre
  7969 | D:9      | Slain by a two-headed ogre

Illustrated notes

Levels and vault maps discovered:
D:1:      psy_arrival_whirlpool, layout_basic
D:2:      layout_basic, minivault_26
D:3:      layout_basic, serial_undead, serial_undead_b, serial_undead_c,
          serial_undead_e, serial_undead_a
D:4:      layout_cave_pools, chequers_temple_overflow_statue_of_worship,
          nicolae_ossuary_entry_ruins
D:5:      wad_lake_hut, layout_basic, uniq_pikel
D:6:      layout_gridville, temple_hall, portal_sewer_entry_e,
          minmay_increasing_density, uniq_blork_the_orc
D:7:      layout_basic, serial_shops, kennysheep_little_box, shop, shop,
          minmay_stone_trees_medium, minmay_the_grid_2x2
          [minmay_the_grid_aliased_spiral, minmay_the_grid_garden,
          minmay_the_grid_stretched_grid,
          minmay_the_grid_prize_four_corners_diamond_b], uniq_joseph
D:8:      lemuel_ice_spiral_2, layout_basic, lair_entry_dummy
D:9:      layout_cave_pods, serial_shops, shop, uniq_prince_ribbit1, uniq_maggie

Skill      XL: |  1  2  3  4  5  6  7  8  9 |
---------------+----------------------------+-----
Armour         | 1 2 3 4 5 6 8 |  8.7
Fighting       | 4 5 6 8 9 |  9.6
Long Blades    | 4 5 6 8 9 |  9.6
Dodging        | 4 5 6 7 8 |  8.8

Action                     |  1- 3 |  4- 6 |  7- 9 | 10-12 || total
---------------------------+-------+-------+-------+-------++-------
  Melee: Falchion          |    70 |   145 |   319 |    16 ||   550
         Headbutt          |    11 |    31 |    89 |     4 ||   135
 Invoke: Sacrifice Forms   |       |       |     1 |       ||     1
         Sacrifice Love    |       |       |     1 |       ||     1
  Evoke: Wand              |       |       |       |     6 ||     6
    Use: Scroll            |       |       |     1 |       ||     1
   Stab: Distracted        |       |       |     2 |       ||     2
 Armour: Robe              |     6 |    11 |       |       ||    17
         Leather armour    |       |    41 |    36 |       ||    77
         Steam dragon scal |       |       |    33 |     6 ||    39
  Dodge: Dodged            |    51 |   117 |   267 |    23 ||   458

Table legend: (Time is in decaauts)
 A = Elapsed time spent in this place.
 B = Non-inter-level travel time spent in this place.
 C = Inter-level travel time spent in this place.
 D = Time resting spent in this place.
 E = Time spent auto-exploring this place.
 F = Levels seen in this place.
 G = Mean time per level.
                   A        B        C        D        E       F      G
               +--------+--------+--------+--------+--------+-----+--------+
         Total |   7993 |   7665 |    328 |    730 |   5867 |  10 |  799.3 |
       Dungeon |   7566 |   7238 |    328 |    730 |   5571 |   9 |  840.7 |
       Ossuary |    426 |    426 |      0 |      0 |    296 |   1 |  426.0 |
               +--------+--------+--------+--------+--------+-----+--------+

Top non-repeatable levels by time:
     D:8: 1446 daAuts
     D:5: 1146 daAuts
     D:6: 1136 daAuts
     D:4: 857 daAuts
     D:2: 802 daAuts
     D:1: 696 daAuts
     D:3: 644 daAuts
     D:7: 516 daAuts
 Ossuary: 426 daAuts
     D:9: 319 daAuts
